 Dungeon Crawl Stone Soup version 0.31-a0-844-gdc52ec4e09 (webtiles) character file.

Game seed: 17542453279076276714

1337 Kurtz the Cleaver (level 8, 0/52 HPs)
             Began as an Octopode Fighter on Sept 30, 2023.
             Slain by an ogre
             ... wielding a +0 giant club
              (24 damage)
             ... on level 6 of the Dungeon.
             The game lasted 00:03:35 (5570 turns).

Kurtz the Cleaver (Octopode Fighter)                Turns: 5570, Time: 00:03:36

Health: 0/52       AC:  1    Str: 15    XL:     8   Next: 61%
Magic:  8/8        EV: 13    Int: 10    God:
Gold:   286        SH:  5    Dex: 14    Spells: 7/7 levels left

rFire   . . .        p - +6 mace
rCold   . . .        b - +0 buckler
rNeg    . . .        (helmet restricted)
rPois   .            (no amulet)
rElec   .            (no ring)
rCorr   .            (no ring)
SInv    .            (no ring)
Will    .....        (no ring)
Stlth   ++           (no ring)
HPRegen 0.28/turn    (no ring)
MPRegen 0.11/turn    (no ring)
                     (no ring)

%: no passive effects
@: no status effects
A: almost no armour, amphibious, 8 rings, camouflage 1, gelatinous body 1,
(nimble swimmer 1), tentacles
a: no special abilities


You were on level 6 of the Dungeon.
You visited 1 branch of the dungeon, and saw 6 of its levels.

You collected 286 gold pieces.

Inventory:

Hand Weapons
 a - a +0 war axe
 p - a +6 mace (weapon)
Missiles
 e - 2 throwing nets
 t - 9 poisoned darts
Armour
 b - a +0 buckler (worn)
Jewellery
 n - a ring of wizardry
Wands
 x - a wand of mindburst (10)
 y - a wand of paralysis (5)
Scrolls
 d - 7 scrolls of identify {unknown}
 g - 4 scrolls of vulnerability {unknown}
 k - a scroll of revelation {unknown}
 m - 3 scrolls of fog {unknown}
 o - 4 scrolls of fear {unknown}
 s - a scroll of amnesia {unknown}
 u - 2 scrolls of teleportation {unknown}
 v - a scroll of poison {unknown}
 w - a scroll of acquirement {unknown}
Potions
 c - 2 potions of might
 f - 2 potions of cancellation {unknown}
 i - 2 potions of brilliance {unknown}
 j - a potion of resistance {unknown}
 l - 4 potions of curing {unknown}
 q - 2 potions of magic {unknown}
 r - a potion of attraction {unknown}
 z - a potion of invisibility {unknown}
 A - a potion of heal wounds {unknown}


   Skills:
 - Level 3.0 Fighting
 * Level 10.4 Axes
 - Level 3.0 Dodging
 - Level 3.0 Shields


You had 7 spell levels left.
You didn't know any spells.
Your spell library contained the following spells:

 Spells                   Type           Power      Damage    Failure   Level
 Apportation              Tloc           0%         N/A       45%         1
 Blink                    Tloc           0%         N/A       58%         2
 Ensorcelled Hibernation  Hex/Ice        0%         N/A       58%         2
 Jinxbite                 Hex            0%         N/A       58%         2
 Lesser Beckoning         Tloc           0%         N/A       58%         2
 Momentum Strike          Conj/Tloc      0%         3d8       58%         2
 Passwall                 Tmut/Erth      0%         N/A       58%         2
 Swiftness                Air            0%         N/A       83%         3
 Alistair's Intoxication  Tmut/Pois      0%         N/A       100%        5


Dungeon Overview and Level Annotations

Branches:
Dungeon (6/15)             Temple (0/1) D:6

Altars:
Fedhas
Yredelemnul
The Shining One

Annotations:
D:2 1 runed translucent door, Crazy Yiuf


Innate Abilities, Weirdness & Mutations

You cannot wear most types of armour.
You are amphibious.
You can wear up to eight rings at the same time.
Your skin changes colour to match your surroundings (Stealth+).
Your rubbery body absorbs attacks. (AC +1, EV +1)
((You are camouflaged when in or above water. (Stealth+)))
You have tentacles for arms and can constrict up to eight enemies at once.


Message History

a +0 hand axe; an orc corpse
Aiming: Throw Flame
Press: ? - help, Q - select action, (/) - cycle Shift-Dir - straight line, f - jelly
Aim: a jelly (100% to hit)
The puff of flame hits the jelly.
The jelly is moderately wounded.
Unknown command.
Aiming: Throw Flame
Press: ? - help, Q - select action, (/) - cycle Shift-Dir - straight line, f/p - jelly
Aim: a jelly (moderately wounded, 100% to hit)
The puff of flame hits the jelly!
The jelly is almost dead.
An orc comes into view. It is wielding a +0 trident.
An ogre comes into view. It is wielding a +0 giant club.
Aiming: Throw Flame
Press: ? - help, Q - select action, (/) - cycle Shift-Dir - straight line, f/p - jelly
Aim: a jelly (almost dead, 100% to hit)
The puff of flame hits the jelly.
You kill the jelly!
The ogre shouts!
The orc shouts!
The now-empty wand crumbles to dust.
An orc comes into view. It is wielding a +0 flail.
Found 2 boomerangs.
Unknown command.
The orc shouts!
You hit the ogre.
The ogre is lightly wounded.
The ogre hits you with a +0 giant club!!
You sock the ogre!
You tentacle-slap the ogre, but do no damage.
The ogre is heavily wounded.
Unknown command.
You hit the ogre.
The ogre is heavily wounded.
The ogre hits you with a +0 giant club. You block the orc's attack.
You hit the ogre.
The ogre is severely wounded.
The orc hits you with a +0 flail. The orc barely misses you.
The ogre hits you with a +0 giant club!!
You die...

#.....#........##.##.
#######......#.##.##.
#)###..#.##.##.
######)##........##.
#.......#.#.#######.
.###.####..#.#.# ##
...............#
#..#...##.......
#.@......###.
##Oo...(## o......#
...#....# .>..###..#
.....# ..# .......
#.# ...###.. .


You could see an ogre and 2 orcs.

Vanquished Creatures
  Sigmund (D:2)
  2 ogres (D:6)
  A phantom (D:5)
  A scorpion (D:5)
  8 wights
  2 howler monkeys
  A jelly (D:6)
  A hound (D:6)
  Terence (D:2)
  A sleepcap (D:5)
  An iguana (D:4)
  An orc wizard (D:5)
  Robin (D:2)
  3 gnolls (D:5)
  7 adders
  2 shadow imps
  An adder zombie (D:2)
  4 worms
  2 dart slugs
  8 orcs
  7 ball pythons
  5 endoplasms
  5 giant cockroaches
  15 goblins
  4 hobgoblins
  9 jackals
  8 kobolds
  A quokka (D:5)
  A ball python skeleton (D:2)
  2 ball python zombies (D:2)
  2 bats (D:1)
  4 frilled lizards
  8 rats
120 creatures vanquished.

Notes
Turn   | Place    | Note
-------+----------+-------------------------------------------
     0 | D:1      | Kurtz the Octopode Fighter began the quest for the Orb.
     0 | D:1      | Reached XP level 1. HP: 16/16 MP: 1/1
     2 | D:1      | Noticed a demigod
     2 | D:1      | Noticed a ghoul
     4 | D:1      | Noticed an elf
     4 | D:1      | Noticed a merfolk
     6 | D:1      | Noticed a human
     6 | D:1      | Noticed a minotaur
     8 | D:1      | Noticed a naga
     8 | D:1      | Noticed a spriggan
    10 | D:1      | Noticed a draconian
    10 | D:1      | Noticed a demonspawn
    12 | D:1      | Noticed a vine stalker
    12 | D:1      | Noticed a vampire
    14 | D:1      | Noticed an octopode
    16 | D:1      | Noticed a felid
    16 | D:1      | Noticed a tengu
    18 | D:1      | Noticed a troll
    18 | D:1      | Noticed an armataur
    20 | D:1      | Noticed an ogre
    22 | D:1      | Noticed a formicid
    24 | D:1      | Noticed a meteoran
    24 | D:1      | Noticed a naga
    26 | D:1      | Noticed a tengu
    26 | D:1      | Noticed a human
   336 | D:1      | Reached XP level 2. HP: 21/21 MP: 2/2
   360 | D:1      | Found a faded altar of an unknown god.
   440 | D:1      | Reached skill level 3 in Axes
   627 | D:1      | Reached XP level 3. HP: 23/26 MP: 3/3
   871 | D:2      | Noticed Terence
   876 | D:2      | Killed Terence
   877 | D:2      | Reached skill level 4 in Axes
   877 | D:2      | Reached XP level 4. HP: 19/31 MP: 4/4
  1508 | D:2      | Noticed Robin
  1517 | D:2      | Reached skill level 5 in Axes
  1518 | D:2      | Reached XP level 5. HP: 15/36 MP: 5/5
  1523 | D:2      | Killed Robin
  1879 | D:2      | Noticed Sigmund
  1889 | D:2      | Killed Sigmund
  1890 | D:2      | Reached skill level 6 in Axes
  1890 | D:2      | Reached XP level 6. HP: 42/42 MP: 6/6
  1977 | D:2      | Found a runed translucent door.
  1978 | D:2      | Noticed Crazy Yiuf
  2817 | D:3      | Found a glowing golden altar of the Shining One.
  2819 | D:3      | Noticed an angel
  2829 | D:3      | Found a basalt altar of Yredelemnul.
  2831 | D:3      | Noticed a profane servitor
  3076 | D:4      | Reached skill level 7 in Axes
  3194 | D:4      | Reached XP level 7. HP: 46/46 MP: 7/7
  3304 | D:4      | Found a blossoming altar of Fedhas.
  3320 | D:4      | Reached skill level 8 in Axes
  3653 | D:4      | Identified the +2 cloak of the Cicada {Will++ rCorr Int-2
                  | Dex+2}
  4013 | D:5      | Entered Level 5 of the Dungeon
  4249 | D:5      | Identified the +6 short sword "Qipius" {freeze, Fly rF+}
  4266 | D:5      | Reached skill level 9 in Axes
  4266 | D:5      | Reached XP level 8. HP: 34/52 MP: 8/8
  5444 | D:6      | Reached skill level 10 in Axes
  5543 | D:6      | Found a staircase to the Ecumenical Temple.
  5570 | D:6      | Slain by an ogre

Illustrated notes

Levels and vault maps discovered:
D:1:      kb_arrival_jail, layout_basic, basic_ecumenical_altar,
          kennysheep_another_room, dk_noncrumbling_3, minmay_pentomino_z2
D:2:      layout_basic, serial_undead, serial_undead_c, serial_undead_f,
          serial_undead_c, serial_undead_e, uniq_crazy_yiuf_cottage, uniq_robin,
          uniq_terence, uniq_sigmund
D:3:      layout_basic, grunt_temple_overflow_holy_war, roderic_three_in_a_row
D:4:      layout_basic, fedhas_altar_fruit_tree, amcnicky_mini_corridor_feature,
          minivault_4, kennysheep_generic_room_7
D:5:      layout_loops_cross, minivault_5
D:6:      layout_loops_cross, minmay_temple_entry_tees

Skill      XL: |  1  2  3  4  5  6  7  8 |
---------------+-------------------------+-----
Axes           | 3 4 5 6 7 9 10 | 10.4
Fighting       | |  3.0
Dodging        | |  3.0
Shields        | |  3.0

Action                     |  1- 3 |  4- 6 |  7- 9 || total
---------------------------+-------+-------+-------++-------
  Melee: War axe           |    44 |    88 |    11 ||   143
         Constrict         |    13 |    18 |    23 ||    54
         Tentacles         |     6 |    16 |    26 ||    48
         Punch             |     2 |     1 |     3 ||     6
         Mace              |       |       |    83 ||    83
  Throw: Dart              |       |       |     3 ||     3
  Evoke: Wand              |       |       |    13 ||    13
   Stab: Sleeping          |     4 |     7 |     3 ||    14
         Distracted        |       |     1 |       ||     1
 Armour: Skin              |    28 |    27 |    35 ||    90
  Dodge: Dodged            |    31 |    44 |    50 ||   125
  Block: Buckler           |    10 |    24 |    15 ||    49

Table legend: (Time is in decaauts)
 A = Elapsed time spent in this place.
 B = Non-inter-level travel time spent in this place.
 C = Inter-level travel time spent in this place.
 D = Time resting spent in this place.
 E = Time spent auto-exploring this place.
 F = Levels seen in this place.
 G = Mean time per level.
                   A        B        C        D        E       F      G
               +--------+--------+--------+--------+--------+-----+--------+
         Total |   5629 |   5262 |    367 |    818 |   3649 |   6 |  938.2 |
       Dungeon |   5629 |   5262 |    367 |    818 |   3649 |   6 |  938.2 |
               +--------+--------+--------+--------+--------+-----+--------+

Top non-repeatable levels by time:
     D:2: 1363 daAuts
     D:4: 1143 daAuts
     D:5: 950 daAuts
     D:1: 914 daAuts
     D:3: 883 daAuts
     D:6: 374 daAuts
